 Dungeon Crawl Stone Soup version 0.31-a0-986-g5e6e4ef867 (webtiles) character file.

Game seed: 14819414342497104377

115038 Jeffwins the Grappler (level 16, -12/134 HPs)
             Began as a Yellow Draconian Shapeshifter on Nov 24, 2023.
             Was an Initiate of Gozag.
             Mangled by a white ugly thing (26 damage)
             ... in an ice cave.
             The game lasted 00:49:31 (23822 turns).

Jeffwins the Grappler (DrSh)                       Turns: 23822, Time: 00:49:32

Health: -12/134    AC: 13    Str: 18    XL:     16   Next: 17%
Magic:  0/26       EV: 15    Int: 18    God:    Gozag
Gold:   1419       SH:  0    Dex: 14    Spells: 20/29 levels left

rFire   . .          .
                       - Unarmed
rCold   . . .        (shield currently unavailable)
rNeg    + . .        (body armour unavailable)
rPois   +            T - +2 hat
rElec   .            R - scarf {repulsion}
rCorr   +            C - +0 pair of gloves
SInv    +            N - +0 pair of boots
Will    ++...        G - amulet of guardian spirit
Stlth   +            P - ring of poison resistance
HPRegen 1.22/turn    z - ring of Teenome {rN+ Will+ Int+2 SInv}
MPRegen 0.20/turn

%: repel missiles, guardian spirit
@: short of breath, flux-form, gold aura, flying, slowed, glowing, very slow
A: glow, contaminating, flying, spit acid, AC +9, unfitting armour, acidic bite,
cold-blooded, acid resistance, big wings, agile 1, regeneration 1, MP-powered
wands
a: Breathe Acid, Begin Untransformation, Renounce Religion, Potion Petition,
Call Merchant, Bribe Branch


You were in an ice cave.
You worshipped Gozag.
Gozag was most pleased with you.
You were something dangerously unstable.
You visited 4 branches of the dungeon, and saw 22 of its levels.
You also visited: Ice Cave.

You collected 6648 gold pieces.
You spent 2377 gold pieces at shops.
You paid 2852 gold pieces to Gozag.


Innate Abilities, Weirdness & Mutations

You are something dangerously unstable.
You glow with magical radiation, making you easy to see and hit.
Foes you strike become dangerously contaminated with magical radiation.
You are flying.
You are incapable of wielding weapons or throwing items.
You can spit globs of acid.
Your golden yellow scales are hard. (AC +9)
You cannot fit into any form of body armour.
You have acidic saliva.
You are cold-blooded and may be slowed by cold attacks.
You are resistant to acid. (rCorr)
Your large and strong wings let you fly.
You are agile. (Dex +4, Str/Int -1)
Your natural rate of healing is unusually fast.
You expend magic power (3 MP) to strengthen your wands.


   Skills:
 + Level 10.0 Fighting
 + Level 7.6 Throwing
 + Level 8.2 Dodging
 - Level 5.0 Stealth
 + Level 0.9 Shields
 * Level 12.7 Unarmed Combat
 + Level 7.1 Spellcasting
 * Level 2.9 Conjurations
 * Level 4.1 Necromancy
 * Level 11.0 Ice Magic
 * Level 3.1 Air Magic
 + Level 8.1 Evocations
 * Level 11.7 Shapeshifting


You had 20 spell levels left.
You knew the following spells:

 Your Spells              Type           Power      Damage    Failure   Level
n - Dispel Undead         Necr           21%        3d11      19%         4
z - Freezing Cloud        Conj/Ice/Air   13%        6-21      28%         5

Your spell library contained the following spells:

 Spells                   Type           Power      Damage    Failure   Level
 Necrotise                Necr           84%        1d8       1%          1
 Hailstorm                Conj/Ice       31%        3d8       1%          3
 Ozocubu's Armour         Ice            46%        N/A       1%          3
 Kiss of Death            Conj/Necr      76%        2d11      2%          1
 Static Discharge         Conj/Air       34%        3-5/arc   4%          2
 Vampiric Draining        Necr           21%        2d7       6%          3
 Poisonous Vapours        Pois/Air       24%        N/A       9%          2
 Summon Ice Beast         Ice/Summ       26%        N/A       11%         4
 Mephitic Cloud           Conj/Pois/Air  13%        N/A       14%         3
 Airstrike                Air            8%         2d(2-18)  30%         4
 Confusing Touch          Hex            6%         N/A       32%         3
 Tukima's Dance           Hex            6%         N/A       32%         3
 Agony                    Necr           21%        N/A       47%         5
 Summon Lightning Spire   Summ/Air       12%        N/A       50%         4
 Ozocubu's Refrigeration  Ice            23%        4d12      67%         7
 Passage of Golubria      Tloc           6%         N/A       71%         4
 Yara's Violent Unravell  Hex/Tmut       3%         3d4       96%         5
 Simulacrum               Ice/Necr       Unusable   N/A       N/A         6

Inventory:

Hand Weapons
 H - the +3 rapier of World's End {venom, *Rage rPois Str+9 Int-3 SInv}
   (You found it on level 8 of the Dungeon)

   Str+9:     It affects your strength (+9).
   Int-3:     It affects your intelligence (-3).
   rPois:     It protects you from poison SInv: It lets you see invisible.
   *Rage:     It berserks you when you make melee attacks (+20% chance).
 U - the +6 dagger "Kixanisa" {freeze, rPois rC++ rCorr Int-2}
   (You found it on level 1 of the Lair of Beasts)

   Int-2:     It affects your intelligence (-2).
   rC++:      It greatly protects you from cold.
   rPois:     It protects you from poison rCorr: It protects you from acid and
   corrosion.
Missiles
 n - 25 poisoned darts
 u - 7 curare-tipped darts {=f}
 Q - 5 datura-tipped darts
Armour
 p - a scarf of invisibility
 t - a +2 cloak of poison resistance
 w - a +1 buckler of reflection
 C - a +0 pair of gloves (worn)
 N - a +0 pair of boots (worn)
 R - a scarf of repulsion (worn)
 T - a +2 hat (worn)
Magical Staves
 Z - the staff of Departure {rC+ MP+9 Str+5 Ice}
   (You found it on level 14 of the Dungeon)

   [staff of cold]

   Base accuracy: +5 Base damage: 5 Base attack delay: 1.2 This weapon's minimum
   attack delay (0.6) is reached at skill level 12.
   Str+5:     It affects your strength (+5).
   rC+:       It protects you from cold.
   MP+9:      It affects your magic capacity (+9).
   Ice:       It increases the power of your Ice spells.
   It falls into the 'Staves' category.
   It is a one-handed weapon.
Jewellery
 z - the ring of Teenome (right hand) {rN+ Will+ Int+2 SInv}
   (You bought it in a shop on level 2 of the Orcish Mines)

   [ring of willpower]

   Int+2:     It affects your intelligence (+2).
   rN+:       It protects you from negative energy.
   Will+:     It increases your willpower.
   SInv:      It lets you see invisible.
 D - an amulet of magic regeneration
 G - an amulet of guardian spirit (around neck)
 P - a ring of poison resistance (left hand)
Talismans
 b - a beast talisman
 c - a flux talisman (active)
Wands
 e - a wand of mindburst (3)
 x - a wand of flame (51)
 y - a wand of digging (17)
 E - a wand of roots (9)
 I - a wand of polymorph (8)
 M - a wand of charming (1)
Scrolls
 g - 4 scrolls of amnesia
 j - 5 scrolls of fear
 l - 6 scrolls of poison
 q - a scroll of butterflies
 r - 5 scrolls of vulnerability {!r}
 v - 7 scrolls of teleportation {@r4}
 F - 6 scrolls of enchant armour
 J - a scroll of blinking
 L - 4 scrolls of fog
 V - a scroll of enchant weapon
 W - 6 scrolls of immolation {!r}
 Y - a scroll of silence {!r}
Potions
 d - 4 potions of might
 f - 4 potions of attraction {!q}
 h - 4 potions of heal wounds {@q2}
 i - 3 potions of enlightenment
 k - 2 potions of resistance
 m - 7 potions of haste {@q3}
 o - 4 potions of ambrosia
 s - 4 potions of cancellation
 A - 3 potions of curing {@q1}
 B - 5 potions of brilliance
 K - a potion of invisibility
 O - 2 potions of mutation {!q}
 X - 3 potions of lignification {!q}

Dungeon Overview and Level Annotations

Branches:
Dungeon (14/15)            Temple (1/1) D:7            Lair (5/5) D:9
  Swamp (0/4) Lair:2       Spider (0/4) Lair:2        Slime (0/5) Lair:4
    Orc (2/2) D:9             Elf (0/3) Orc:2        Vaults (0/5) D:14
  IceCv (1/1)

Altars:
Ashenzari
Cheibriados
Dithmenos
Elyvilon
Fedhas
Gozag
Hepliaklqana
Kikubaaqudgha
Makhleb
Nemelex Xobeh
Okawaru
Qazlal
Ru
Sif Muna
Trog
Uskayaw
Vehumet
Wu Jian
Xom
Yredelemnul
Zin
The Shining One

Shops:
D:12 *[   D:13 [   Orc:1 *   Orc:2 [=*(   Lair:2 ?   Lair:4 ?

Annotations:
D:13 2 transporters, wireframewife's ghost, journeyman GnWr
Lair:3 2 transporters, quinnr's ghost, adept TeAE
Lair:5 3 runed translucent doors, Bomul's ghost, journeyman OpSh; Ewom's ghost, journeyman DEHW; Jaurgh's ghost, journeyman DsMo; Jesminib's ghost, journeyman HOSh

#### #### ##..##
##..#####....##
#.u..##.......#
.......#p......∩.∩.#
......###..........#
#u..## ##..##....##
..p ######..## u.
#### .


You could see a white ugly thing (heavy contam).


Message History

You are encased in ice.
You hit the ironbound frostheart but do no damage.
The ironbound frostheart shudders as magic cascades through it!!
You kill the ironbound frostheart!
Unknown command.
You closely miss the white ugly thing. The white ugly thing bites you.
* * * LOW HITPOINT WARNING * * *
The white ugly thing freezes you!!
You feel yourself slow down.
* * * LOW HITPOINT WARNING * * *
You closely miss the white ugly thing. The ice encasing you melts away.
The white ugly thing barely misses you.
Unknown command.
You punch the white ugly thing!
The white ugly thing begins to glow.
The white ugly thing is lightly wounded.
You feel yourself speed up.
The white ugly thing closely misses you.
Unknown command.
You punch the white ugly thing!
The white ugly thing glows dangerously bright.
You tail-slap the white ugly thing, but do no damage.
You bite the white ugly thing.
The white ugly thing is heavily wounded.
The white ugly thing bites you.
* * * LOW HITPOINT WARNING * * *
The white ugly thing freezes you!!
You feel yourself slow down.
You die...
Your body crumbles into a pile of gold.

Skill      XL: |  1  2  3  4  5  6  7  8  9 10 11 12 13 14 15 16 |
---------------+-------------------------------------------------+-----
Dodging        | 2 3 4 5 6 7 8 |  8.2
Stealth        | 1 2 3 4 5 |  5.0
Fighting       | 2 3 4 5 6 7 8 9 10 | 10.0
Unarmed Combat | 4 5 6 7 8 9 10 11 12 | 12.7
Shapeshifting  | 4 5 6 7 8 9 10 11 | 11.7
Throwing       | 2 3 4 5 6 7 |  7.6
Evocations     | 2 3 4 5 6 7 8 |  8.1
Ice Magic      | 1 3 5 6 8 9 10 11 | 11.0
Spellcasting   | 2 3 4 5 6 7 |  7.1
Necromancy     | 3 4 |  4.1
Air Magic      | 2 3 |  3.1
Conjurations   | 2 |  2.9
Shields        | |  0.9

Action                     |  1- 3 |  4- 6 |  7- 9 | 10-12 | 13-15 | 16-18 || total
---------------------------+-------+-------+-------+-------+-------+-------++-------
  Melee: Unarmed           |    92 |   177 |   275 |   774 |  1258 |   139 ||  2715
         Tailslap          |     9 |    24 |    52 |   163 |   283 |    38 ||   569
         Punch             |     1 |       |       |       |       |       ||     1
         Bite              |       |       |       |       |   116 |    28 ||   144
   Cast: Freezing Cloud    |       |       |       |       |     2 |       ||     2
 Invoke: Potion Petition   |       |       |       |     1 |       |       ||     1
         Call Merchant     |       |       |       |       |     3 |       ||     3
Ability: Breathe Acid      |       |       |    16 |    36 |    26 |     3 ||    81
  Evoke: Wand              |       |       |     3 |     4 |     7 |     1 ||    15
    Use: Scroll            |       |     6 |     4 |     7 |    12 |       ||    29
         Potion            |       |     1 |     4 |       |     5 |       ||    10
   Stab: Sleeping          |     1 |       |     1 |     1 |     3 |       ||     6
         Distracted        |       |       |       |     7 |     7 |     3 ||    17
         Petrified         |       |       |       |       |     1 |       ||     1
 Armour: Skin              |    46 |   139 |   209 |   548 |   950 |    82 ||  1974
  Dodge: Dodged            |    55 |    97 |   230 |   446 |   909 |    71 ||  1808
         Repelled          |       |       |       |     1 |    13 |     3 ||    17
   Form: Flux              |     1 |       |       |       |     1 |       ||     2
         Beast             |       |       |       |       |     1 |       ||     1

Levels and vault maps discovered:
D:1:      scummos_arrival_forest, layout_rooms,
          chequers_ecumenical_altar_island, minmay_strange_pillars
D:2:      layout_basic, uniq_terence, uniq_natasha
D:3:      layout_rooms, nicolae_uskayaw_en_pointe, minmay_misc_feat_rows,
          hangedman_glass_teeth, minmay_cupped
D:4:      layout_basic, overflow_temple_1_default
D:5:      layout_loops_ring, minitemple, uniq_blork_the_orc, uniq_pikel
D:6:      layout_basic, serial_glass, glass_columns_b, glass_columns_a,
          glass_columns_c, glass_columns_a, glass_columns_a, glass_columns_a,
          glass_columns_a, glass_columns_a, glass_columns_a, glass_columns_c
D:7:      layout_cave_pools, kennysheep_mini_moat,
          minmay_temple_entry_stoned_glass, david_defended_altar_orc,
          uniq_maggie, uniq_duvessa
D:8:      layout_gridville, mainiacjoe_overflow_alcove_4
D:9:      layout_irregular_city, mainiacjoe_overflow_catwalk, erik_lair_dragon,
          minmay_orc_entry_temple_small
D:10:     layout_basic, uniq_urug
D:11:     layout_big_octagon, uniq_psyche
D:12:     layout_stronghold, serial_undead, serial_undead_c, serial_undead_d,
          serial_undead_c, serial_undead_d, serial_shops, shop,
          nicolae_shop_sticking_my_neck_out
D:13:     thingy_vault, layout_rooms, gammafunk_ghost_berserking_beasts
D:14:     layout_loops_ring, david_vaults_5,
          portal_ice_cave_entry_ice_statue_one,
          nicolae_dithmenos_through_a_glass_darkly
Temple:   nicolae_temple_bog_church
Lair:1:   layout_gridlike, nicolae_volcano_entry_s_turn,
          infiniplex_staircase_pool, uniq_gastronok
Lair:2:   layout_long_grid, palyth_hydra_swamp_entry, spider_nest_entry_rubble
Lair:3:   layout_hall_layers, gammafunk_ghost_wrathful_warriors
Lair:4:   layout_roguey, slime_entry_1, grunt_megastairs_2, lemuel_fruit_tree,
          uniq_nessos
Lair:5:   cheibrodos_lair_end_hotspot, layout_big_grid,
          gammafunk_ghost_cemetery, serial_rivers,
          chequers_serial_rivers_small_a, chequers_serial_rivers_large_b,
          chequers_serial_rivers_marsh, chequers_serial_rivers_micro_b,
          chequers_serial_rivers_room_b, chequers_serial_rivers_small_3
Orc:1:    layout_caves, serial_shops, nicolae_shop_just_a_little_nook
Orc:2:    grunt_orc_cross, layout_caves
IceCv:    ice_cave_small_giant

Notes
Turn   | Place    | Note
-------+----------+-------------------------------------------
     0 | D:1      | Jeffwins the Draconian Shapeshifter began the quest for the
                  | Orb.
     0 | D:1      | Reached XP level 1. HP: 16/16 MP: 1/1
   156 | D:1      | Found a faded altar of an unknown god.
   191 | D:1      | Reached XP level 2. HP: 13/23 MP: 2/2
   366 | D:1      | Reached skill level 2 in Dodging
   645 | D:2      | Reached XP level 3. HP: 28/28 MP: 3/3
   834 | D:2      | Noticed Terence
   844 | D:2      | Reached skill level 1 in Stealth
   850 | D:2      | Killed Terence
   940 | D:2      | Noticed Natasha
   943 | D:2      | Killed Natasha
   944 | D:2      | Reached skill level 2 in Fighting
   944 | D:2      | Reached XP level 4. HP: 23/36 MP: 4/4
  1257 | D:2      | Noticed Natasha
  1268 | D:2      | Killed Natasha
  1315 | D:2      | Noticed Natasha
  1323 | D:2      | Killed Natasha
  1324 | D:2      | Reached XP level 5. HP: 8/41 MP: 2/5
  1615 | D:3      | Reached skill level 4 in Unarmed Combat
  1624 | D:3      | Reached skill level 4 in Shapeshifting
  1755 | D:3      | Reached skill level 2 in Stealth
  2001 | D:3      | Noticed a +0 short sword
  2002 | D:3      | Noticed a +0 dagger
  2003 | D:3      | Noticed a +0 falchion
  2003 | D:3      | Noticed a +0 spear
  2003 | D:3      | Noticed a +0 dagger
  2004 | D:3      | Noticed a +0 spear
  2014 | D:3      | Found a hide-covered altar of Uskayaw.
  2014 | D:3      | Noticed a +0 short sword
  2018 | D:3      | Noticed a +0 falchion
  2268 | D:4      | Found an iron altar of Okawaru.
  2428 | D:4      | HP: 2/30 [gnoll sergeant/+0 spear (9)]
  2547 | D:3      | Reached XP level 6. HP: 18/50 MP: 2/6
  3075 | D:4      | Reached skill level 3 in Dodging
  3136 | D:4      | Reached skill level 3 in Fighting
  3172 | D:4      | Your scales start taking on a golden yellow colour.
  3172 | D:4      | Reached XP level 7. HP: 41/57 MP: 7/7
  3172 | D:4      | Gained mutation: You are resistant to acid. (rCorr) [Yellow
                  | Draconian growth]
  3262 | D:4      | Gained mutation: Your flesh is cold resistant. (rC+)
                  | [potion of mutation]
  3262 | D:4      | Gained mutation: You have sharp toenails. [potion of
                  | mutation]
  3263 | D:4      | Lost mutation: You have sharp toenails. [potion of
                  | mutation]
  3263 | D:4      | Lost mutation: Your flesh is cold resistant. (rC+) [potion
                  | of mutation]
  3263 | D:4      | Gained mutation: Your large and strong wings let you fly.
                  | [potion of mutation]
  3263 | D:4      | Gained mutation: You are agile. (Dex +4, Str/Int -1)
                  | [potion of mutation]
  3263 | D:4      | Gained mutation: You expend magic power (3 MP) to
                  | strengthen your wands. [potion of mutation]
  3263 | D:4      | Gained mutation: Your natural rate of healing is unusually
                  | fast. [potion of mutation]
  3290 | D:5      | Entered Level 5 of the Dungeon
  3322 | D:5      | Reached skill level 5 in Unarmed Combat
  3502 | D:5      | Reached skill level 1 in Throwing
  3526 | D:5      | Found a shimmering blue altar of Sif Muna.
  3539 | D:5      | Found a hazy altar of Hepliaklqana.
  3541 | D:5      | Found a glowing golden altar of the Shining One.
  3708 | D:5      | Reached skill level 1 in Evocations
  3708 | D:5      | Reached skill level 5 in Shapeshifting
  3719 | D:5      | Noticed Blork the orc
  3721 | D:5      | Noticed Pikel
  3731 | D:5      | Killed Blork the orc
  3732 | D:5      | Reached skill level 3 in Stealth
  3742 | D:5      | Killed Pikel
  3743 | D:5      | Reached skill level 4 in Fighting
  3743 | D:5      | Reached skill level 2 in Throwing
  3743 | D:5      | Reached skill level 2 in Evocations
  3743 | D:5      | Reached XP level 8. HP: 36/66 MP: 4/8
  4282 | D:6      | Reached skill level 6 in Unarmed Combat
  4466 | D:6      | Reached skill level 4 in Dodging
  4467 | D:6      | Reached skill level 1 in Ice Magic
  4893 | D:7      | Found a staircase to the Ecumenical Temple.
  4900 | D:7      | Noticed Maggie
  4904 | Temple   | Entered the Ecumenical Temple
  4919 | Temple   | Became a worshipper of Gozag Ym Sagoz the Greedy
  4955 | D:7      | Killed Maggie
  4956 | D:7      | Reached skill level 6 in Shapeshifting
  4956 | D:7      | Reached XP level 9. HP: 48/72 MP: 10/10
  4960 | D:7      | Reached skill level 1 in Spellcasting
  4974 | D:7      | Identified the +1 mace of Tomorrow {freeze, rC++}
  5033 | D:7      | Reached skill level 4 in Stealth
  5080 | D:7      | Reached skill level 2 in Ice Magic
  5080 | D:7      | Found a radiant altar of Vehumet.
  5100 | D:7      | Noticed Duvessa
  5109 | D:7      | Noticed Dowan
  5234 | D:7      | Killed Duvessa
  5235 | D:7      | Reached skill level 3 in Evocations
  5244 | D:7      | Killed Dowan
  5369 | D:7      | Paralysed by a hornet for 2 turns
  5372 | D:7      | Reached skill level 5 in Fighting
  5372 | D:7      | Reached skill level 3 in Throwing
  5495 | D:7      | Reached skill level 7 in Unarmed Combat
  5498 | D:7      | Reached skill level 3 in Ice Magic
  6090 | D:8      | Reached skill level 2 in Spellcasting
  6298 | D:8      | Reached XP level 10. HP: 62/81 MP: 13/13
  6518 | D:8      | Identified the +3 rapier of World's End {venom, *Rage rPois
                  | Str+9 Int-3 SInv}
  6521 | D:8      | Found a basalt altar of Yredelemnul.
  6543 | D:8      | Noticed a two-headed ogre
  6557 | D:8      | Killed a two-headed ogre
  6903 | D:9      | Reached skill level 7 in Shapeshifting
  7026 | D:9      | Found a burning altar of Makhleb.
  7164 | D:9      | Reached skill level 4 in Ice Magic
  7375 | D:9      | Found a staircase to the Orcish Mines.
  7525 | D:9      | Reached skill level 5 in Dodging
  7606 | D:9      | Reached skill level 5 in Stealth
  7636 | D:9      | Reached skill level 4 in Evocations
  7664 | D:9      | Reached skill level 4 in Throwing
  7785 | D:9      | Found a staircase to the Lair.
  7926 | D:9      | Reached skill level 8 in Unarmed Combat
  8089 | D:10     | Entered Level 10 of the Dungeon
  8194 | D:10     | Noticed a two-headed ogre
  8202 | D:10     | Reached skill level 6 in Fighting
  8202 | D:10     | Reached skill level 3 in Spellcasting
  8211 | D:10     | Killed a two-headed ogre
  8212 | D:10     | Reached skill level 5 in Ice Magic
  8306 | D:10     | Reached XP level 11. HP: 89/89 MP: 15/15
  8555 | D:10     | Noticed Urug
  8567 | D:10     | Killed Urug
  9031 | D:11     | Noticed Psyche
  9047 | D:10     | Killed Psyche
  9079 | D:11     | Reached skill level 8 in Shapeshifting
  9360 | D:11     | Reached skill level 6 in Ice Magic
  9516 | D:11     | Reached skill level 9 in Unarmed Combat
  9516 | D:11     | Reached skill level 5 in Evocations
  9855 | D:11     | Reached skill level 4 in Spellcasting
 10025 | D:12     | Found Voink's Neck Hole.
 10041 | D:12     | Reached skill level 5 in Throwing
 10046 | D:12     | Reached skill level 7 in Fighting
 10057 | D:12     | Reached skill level 6 in Dodging
 10220 | D:12     | Bought a scarf of repulsion for 204 gold pieces
 10421 | D:12     | Reached XP level 12. HP: 97/100 MP: 18/18
 10598 | D:12     | Found Uffomokh's Antique Armour Shop.
 10806 | D:12     | Reached skill level 7 in Ice Magic
 10937 | D:12     | Noticed a boulder beetle
 10953 | D:12     | Killed a boulder beetle
 10960 | D:12     | Noticed a boulder beetle
 10973 | D:12     | Noticed a two-headed ogre
 10978 | D:12     | Killed a boulder beetle
 10983 | D:12     | Killed a two-headed ogre
 10984 | D:12     | Reached skill level 9 in Shapeshifting
 11622 | Lair:1   | Entered Level 1 of the Lair of Beasts
 11836 | Lair:1   | Noticed Gastronok
 11863 | Lair:1   | Killed Gastronok
 11864 | Lair:1   | Reached skill level 10 in Unarmed Combat
 12088 | Lair:1   | Identified the +6 dagger "Kixanisa" {freeze, rPois rC++
                  | rCorr Int-2}
 12140 | Lair:1   | Reached skill level 5 in Spellcasting
 12146 | Lair:1   | Reached skill level 6 in Evocations
 12878 | Lair:2   | Reached skill level 8 in Ice Magic
 13050 | Lair:2   | Noticed a death yak
 13050 | Lair:2   | Noticed a death yak
 13050 | Lair:2   | Noticed a death yak
 13050 | Lair:2   | Noticed a death yak
 13051 | Lair:2   | Noticed a death yak
 13096 | Lair:2   | Killed a death yak
 13140 | Lair:2   | Noticed a death yak
 13161 | Lair:2   | Killed a death yak
 13162 | Lair:2   | Reached skill level 8 in Fighting
 13162 | Lair:2   | Reached XP level 13. HP: 90/107 MP: 20/20
 13187 | Lair:2   | Reached skill level 6 in Throwing
 13466 | Lair:2   | Found a hole to the Spider Nest.
 13855 | Lair:2   | Found a staircase to the Swamp.
 14091 | Lair:2   | Bought a scroll of identify for 22 gold pieces
 14091 | Lair:2   | Bought a scroll of identify for 22 gold pieces
 14091 | Lair:2   | Bought a scroll of poison for 44 gold pieces
 14091 | Lair:2   | Bought a scroll of identify for 22 gold pieces
 14091 | Lair:2   | Bought a scroll of poison for 44 gold pieces
 14091 | Lair:2   | Bought a scroll of immolation for 44 gold pieces
 14442 | Lair:3   | Reached skill level 7 in Dodging
 14459 | Lair:3   | Reached skill level 10 in Shapeshifting
 14880 | Lair:3   | Reached skill level 11 in Unarmed Combat
 14903 | Lair:3   | Reached skill level 9 in Ice Magic
 14976 | Lair:3   | Found a transporter.
 14982 | Lair:3   | Noticed quinnr's ghost (adept TeAE)
 14986 | Lair:3   | Found a bloodstained altar of Trog.
 15004 | Lair:3   | Found a transporter.
 15454 | Lair:4   | Found a staircase to the Slime Pits.
 15622 | Lair:4   | Noticed Nessos
 15749 | Lair:4   | Killed Nessos
 16137 | Lair:4   | Reached skill level 6 in Spellcasting
 16147 | Lair:4   | Bought a scroll of identify for 34 gold pieces
 16147 | Lair:4   | Bought a scroll of identify for 34 gold pieces
 16147 | Lair:4   | Bought a scroll of identify for 34 gold pieces
 16147 | Lair:4   | Bought a scroll of poison for 68 gold pieces
 16147 | Lair:4   | Bought a scroll of identify for 34 gold pieces
 16147 | Lair:4   | Bought a scroll of immolation for 68 gold pieces
 16147 | Lair:4   | Bought a scroll of enchant armour for 127 gold pieces
 16147 | Lair:4   | Identified 2 potions of resistance
 16148 | Lair:4   | Identified a potion of experience
 16150 | Lair:4   | Reached skill level 9 in Fighting
 16150 | Lair:4   | Reached skill level 7 in Evocations
 16150 | Lair:4   | Gained mutation: You have acidic saliva. [Yellow Draconian
                  | growth]
 16150 | Lair:4   | Reached XP level 14. HP: 113/118 MP: 23/23
 16537 | Lair:5   | Entered Level 5 of the Lair of Beasts
 16537 | Lair:5   | Found a runed translucent gate.
 16537 | Lair:5   | Found a runed translucent gate.
 16537 | Lair:5   | Found a runed translucent gate.
 16539 | Lair:5   | Noticed Ewom's ghost (journeyman DEHW)
 16539 | Lair:5   | Noticed Jaurgh's ghost (journeyman DsMo)
 16541 | Lair:5   | Noticed Bomul's ghost (journeyman OpSh)
 16543 | Lair:5   | Noticed Jesminib's ghost (journeyman HOSh)
 16787 | Lair:5   | Reached XP level 15. HP: 124/124 MP: 24/24
 17214 | Lair:5   | Reached skill level 7 in Throwing
 17311 | Lair:5   | Reached skill level 10 in Ice Magic
 17344 | Lair:5   | Reached skill level 11 in Shapeshifting
 17584 | Lair:5   | Found a large runed translucent door.
 17585 | Lair:5   | Found a large runed translucent door.
 17817 | Lair:5   | Reached skill level 12 in Unarmed Combat
 18694 | Orc:1    | Entered Level 1 of the Orcish Mines
 18742 | Orc:1    | Found Manlixitz's General Store.
 18768 | Orc:1    | Bought a book of Touch for 264 gold pieces
 18768 | Orc:1    | Bought a wand of roots (5) for 144 gold pieces
 18773 | Orc:1    | Learned a level 4 spell: Dispel Undead
 19014 | Orc:2    | Entered Level 2 of the Orcish Mines
 19190 | Orc:2    | Reached skill level 1 in Necromancy
 19209 | Orc:2    | Found a staircase to the Elven Halls.
 19308 | Orc:2    | Paralysed by an orc sorcerer for 3 turns
 19678 | Orc:2    | Reached skill level 2 in Necromancy
 19744 | Orc:2    | Reached skill level 8 in Dodging
 19946 | Orc:2    | Found Hankedee's General Store.
 19974 | Orc:2    | Bought a potion of berserk rage for 75 gold pieces
 19974 | Orc:2    | Bought a scroll of fear for 60 gold pieces
 19974 | Orc:2    | Bought a potion of mutation for 120 gold pieces
 19974 | Orc:2    | Bought a scroll of revelation for 112 gold pieces
 20142 | Orc:2    | Found Edexzeam's Jewellery Shoppe.
 20175 | Orc:2    | Paralysed by an orc sorcerer for 5 turns
 20330 | Orc:2    | Found Ceem's Antique Armour Shoppe.
 20344 | Orc:2    | Found Koyha's Antique Weapon Shoppe.
 20614 | Orc:2    | Bought the ring of Teenome {rN+ Will+ Int+2 SInv} for 579
                  | gold pieces
 21031 | D:13     | Bought a +2 cloak of poison resistance for 222 gold pieces
 21089 | D:13     | Learned a level 5 spell: Freezing Cloud
 21168 | D:13     | Found a transporter.
 21249 | D:13     | Found a transporter.
 21279 | D:13     | Reached skill level 1 in Air Magic
 21422 | D:13     | Reached skill level 3 in Necromancy
 21429 | D:13     | Reached skill level 1 in Conjurations
 21519 | D:13     | Noticed a storm dragon
 21620 | D:13     | Noticed a tengu reaver
 21621 | D:13     | Killed a storm dragon
 21634 | D:13     | Killed a tengu reaver
 21635 | D:13     | Reached skill level 8 in Evocations
 21638 | D:13     | Noticed a frost giant
 21641 | D:13     | HP: 2/126 [frost giant/bolt of cold (32)]
 21775 | D:13     | Killed a frost giant
 21832 | D:13     | Noticed a tengu reaver
 21882 | D:13     | Reached skill level 2 in Air Magic
 21887 | D:13     | HP: 11/189 [tengu reaver/+2 battleaxe of freezing (9)]
 21887 | D:13     | HP: 5/189 [tengu reaver/+2 battleaxe of freezing (3)]
 21887 | D:13     | HP: 1/189 [tengu reaver/+2 battleaxe of freezing (4)]
 21889 | D:13     | Killed a tengu reaver
 21890 | D:13     | Reached skill level 2 in Conjurations
 22357 | D:13     | Noticed wireframewife's ghost (journeyman GnWr)
 22358 | D:13     | Found the brooch of Shielding {Spirit SH+8}
 23060 | D:14     | Reached skill level 7 in Spellcasting
 23076 | D:14     | Reached skill level 10 in Fighting
 23085 | D:14     | Reached XP level 16. HP: 92/134 MP: 16/26
 23515 | D:14     | Found a gate to the Vaults.
 23534 | D:14     | Reached skill level 4 in Necromancy
 23539 | D:14     | Reached skill level 11 in Ice Magic
 23657 | D:14     | Identified the staff of Departure {rC+ MP+9 Str+5 Ice}
 23662 | D:14     | Found a frozen archway.
 23708 | D:14     | Reached skill level 3 in Air Magic
 23720 | IceCv    | Entered an ice cave
 23822 | IceCv    | Mangled by a white ugly thing

Vanquished Creatures
  Gastronok (Lair:1)
  2 tengu reavers (D:13)
  A storm dragon (D:13)
  A frost giant (D:13)
  An orc warlord (Orc:1)
  Nessos (Lair:4)
  A vault guard (D:14)
  A fire dragon (Lair:5)
  A catoblepas (Lair:5)
  3 centaur warriors
  5 two-headed ogres
  5 hydras
  9 death yaks
  An ironbound frostheart (IceCv)
  4 boulder beetles
  A tengu warrior (D:14)
  Urug (D:10)
  2 orc high priests (Orc:2)
  A skeletal warrior (D:13)
  A skyshark (Lair:5)
  Pikel (D:5)
  A lindwurm (Lair:5)
  2 arcanists
  4 orc knights
  A deep elf zephyrmancer (D:13)
  7 ugly things
  A wolf spider (D:13)
  A manticore (D:13)
  5 orc sorcerers (Orc:2)
  6 cyclopes
  6 elephants (Lair:3)
  8 black mambas
  2 centaur zombies (D:12)
  3 molten gargoyles (Lair:5)
  2 gargoyles
  An ice statue (D:14)
  2 torpor snails
  A yaktaur (shapeshifter) (D:14)
  16 komodo dragons
  5 cane toads
  2 kobold demonologists (D:13)
  Maggie (D:7)
  An efreet (D:13)
  6 rime drakes
  Psyche (D:10)
  2 tengu conjurers
  8 trolls
  4 polar bears
  2 hornets
  17 blink frogs
  A dream sheep (Lair:3)
  A tyrant leech (Lair:2)
  2 jumping spiders (Lair:2)
  A centaur simulacrum (D:12)
  7 slime creatures
  6 wyverns
  6 shadows
  5 wraiths
  2 vampires
  59 yaks
  7 basilisks
  3 steam dragons
  17 vampire mosquitoes
  2 swamp worms (Lair:2)
  A warg (Orc:1)
  An acid dragon (D:10)
  4 hell hounds (Lair:5)
  Duvessa (D:7)
  15 water moccasins
  A sky beast (D:8)
  23 orc warriors
  3 black bears
  8 ogres
  6 centaurs
  11 wolves
  A lemure (D:5)
  A phantom (D:5)
  11 bullfrogs
  Blork the orc (D:5)
  2 gnoll sergeants
  8 wights
  Dowan (D:7)
  4 killer bees (D:8)
  2 howler monkeys (D:8)
  An electric eel (Lair:1)
  4 lava snakes (Lair:5)
  6 hounds
  3 jellies
  21 orc priests
  Terence (D:2)
  Natasha (thrice) (D:2)
  2 iguanas (Lair:2)
  29 orc wizards
  A boggart zombie (D:12)
  9 gnolls
  5 adders
  4 ufetubi (D:6)
  A worm (D:2)
  4 dart slugs
  65 orcs
  5 endoplasms
  5 giant cockroaches
  9 goblins
  6 hobgoblins
  3 jackals (D:5)
  3 quokkas
  7 ball pythons
  4 bats
  4 frilled lizards
  A kobold (D:1)
  7 rats
599 creatures vanquished.

Vanquished Creatures (others)
  A cane toad (Lair:4)
  A troll (D:13)
  A lava snake (Lair:5)
3 creatures vanquished.

Grand Total: 602 creatures vanquished

Table legend: (Time is in decaauts)
 A = Elapsed time spent in this place.
 B = Non-inter-level travel time spent in this place.
 C = Inter-level travel time spent in this place.
 D = Time resting spent in this place.
 E = Time spent auto-exploring this place.
 F = Levels seen in this place.
 G = Mean time per level.
                   A        B        C        D        E       F      G
               +--------+--------+--------+--------+--------+-----+--------+
         Total |  23436 |  21734 |   1702 |   1466 |  14923 |  23 | 1019.0 |
       Dungeon |  14211 |  13219 |    992 |    820 |   9442 |  14 | 1015.1 |
        Temple |     28 |      9 |     19 |      0 |      0 |   1 |   28.0 |
          Lair |   6959 |   6443 |    516 |    274 |   4421 |   5 | 1391.8 |
  Orcish Mines |   2141 |   1967 |    174 |    333 |   1060 |   2 | 1070.5 |
      Ice Cave |     95 |     95 |      0 |     38 |      0 |   1 |   95.0 |
               +--------+--------+--------+--------+--------+-----+--------+

Top non-repeatable levels by time:
  Lair:5: 1893 daAuts
    D:12: 1629 daAuts
     D:9: 1552 daAuts
    D:13: 1433 daAuts
  Lair:3: 1431 daAuts
  Lair:2: 1418 daAuts
   Orc:2: 1231 daAuts
  Lair:1: 1225 daAuts
    D:10: 1117 daAuts
     D:7: 1090 daAuts
     D:3: 1012 daAuts
  Lair:4: 990 daAuts
    D:11: 978 daAuts
   Orc:1: 910 daAuts
     D:5: 888 daAuts

Table legend:
 A = Non-vault XP
 B = Vault XP
 C = Vault XP percentage of total XP
 D = Non-vault monster count
 E = Vault monster count
 F = Vault count percentage of total count
                 A         B        C        D         E       F
            +---------+---------+-------+---------+---------+-------
      Total |   83121 |   43651 |  34.4 |     460 |     139 |  23.2
            +---------+---------+-------+---------+---------+-------
        D:1 |      38 |       0 |   0.0 |      18 |       0 |   0.0
        D:2 |      98 |      71 |  42.0 |      16 |       2 |  11.1
        D:3 |     221 |       8 |   3.5 |      27 |       3 |  10.0
        D:4 |     314 |       0 |   0.0 |      19 |       0 |   0.0
        D:5 |     425 |     796 |  65.2 |      15 |       2 |  11.8
        D:6 |     761 |       0 |   0.0 |      17 |       0 |   0.0
        D:7 |    1344 |     704 |  34.4 |      20 |       6 |  23.1
        D:8 |    1844 |       0 |   0.0 |      13 |       0 |   0.0
        D:9 |    1133 |    1643 |  59.2 |      20 |      15 |  42.9
       D:10 |    4232 |    1164 |  21.6 |      25 |       2 |   7.4
       D:11 |    4905 |       0 |   0.0 |      22 |       0 |   0.0
       D:12 |    6866 |    2352 |  25.5 |      32 |      10 |  23.8
       D:13 |    6621 |   11597 |  63.7 |      15 |      17 |  53.1
       D:14 |    8679 |    2021 |  18.9 |      17 |       4 |  19.0
     Lair:1 |    5087 |    1476 |  22.5 |      23 |       1 |   4.2
     Lair:2 |    8332 |    1949 |  19.0 |      24 |       8 |  25.0
     Lair:3 |   10842 |     418 |   3.7 |      33 |       1 |   2.9
     Lair:4 |    4542 |    1425 |  23.9 |      14 |       2 |  12.5
     Lair:5 |   10599 |    7326 |  40.9 |      39 |      26 |  40.0
      Orc:1 |    1916 |    1812 |  48.6 |      17 |       7 |  29.2
      Orc:2 |    4322 |    5353 |  55.3 |      34 |      25 |  42.4
      IceCv |       0 |    3536 | 100.0 |       0 |       8 | 100.0
            +---------+---------+-------+---------+---------+-------
